 Dungeon Crawl Stone Soup version 0.31-a0-408-gb642c7f9a3 (webtiles) character file.

Game seed: 3506211643376094654

30 shadowstone the Insei (level 3, -4/23 HPs)
             Began as an Octopode Shapeshifter on July 29, 2023.
             Slain by Edmund
             ... wielding a +1 flail of protection
              (10 damage)
             ... on level 4 of the Dungeon.
             The game lasted 00:05:47 (733 turns).

shadowstone the Insei (Octopode Shapeshifter)        Turns: 733, Time: 00:05:48

Health: -4/23      AC:  1    Str: 14    XL:     3   Next: 20%
Magic:  3/3        EV: 18    Int: 10    God:
Gold:   78         SH:  0    Dex: 14    Spells: 2/2 levels left

rFire   . . .        d - +1 spear (venom)
rCold   . . .        (no shield)
rNeg    . . .        (helmet currently unavailable)
rPois   .            (no amulet)
rElec   .            c - +5 ring of evasion
rCorr   .            (no ring)
SInv    .            (no ring)
Will    .....        (no ring)
Stlth   +++          (no ring)
HPRegen 0.23/turn    (no ring)
MPRegen 0.08/turn    (no ring)
                     (no ring)

%: no passive effects
@: beast-form
A: beast (slay +2), almost no armour, amphibious, 8 rings, camouflage 1,
gelatinous body 1, (nimble swimmer 1), tentacles
a: Begin Untransformation


You were on level 4 of the Dungeon.
You were a hulking beast.
You visited 1 branch of the dungeon, and saw 4 of its levels.

You collected 78 gold pieces.

Inventory:

Hand Weapons
 d - a +1 spear of venom (weapon)
Jewellery
 c - a +5 ring of evasion (left tentacle)
 f - a ring of ice
Talismans
 b - a beast talisman
Scrolls
 e - a scroll of fog {unknown}
 h - a scroll of identify {unknown}
 i - a scroll of immolation {unknown}
Potions
 a - a potion of lignification
 g - a potion of curing {unknown}


   Skills:
 + Level 1.0 Fighting
 + Level 2.1 Dodging
 + Level 0.6 Stealth
 + Level 3.4 Unarmed Combat
 + Level 3.4 Shapeshifting


You had 2 spell levels left.
You didn't know any spells.
Your spell library contained the following spells:

 Spells                   Type           Power      Damage    Failure   Level
 Tukima's Dance           Hex            0%         N/A       75%         3
 Passage of Golubria      Tloc           0%         N/A       98%         4
 Yara's Violent Unravell  Hex/Tmut       0%         3d3       100%        5


Dungeon Overview and Level Annotations

Branches:
Dungeon (4/15)
 Temple: D:4-7

Altars:

Shops:
D:2 :[

Annotations:
D:4 Edmund


Innate Abilities, Weirdness & Mutations

You are a hulking beast.
Your limbs bulge with bestial killing power. (Slay +2)
You cannot wear most types of armour.
You are amphibious.
You can wear up to eight rings at the same time.
Your skin changes colour to match your surroundings (Stealth+).
Your rubbery body absorbs attacks. (AC +1, EV +1)
((You are camouflaged when in or above water. (Stealth+)))
You have tentacles for arms and can constrict up to eight enemies at once.


Message History

Found a hat.
There is a stone staircase leading up here.
You can't go down here!
Found a stone staircase leading down.
The orc shouts! x2
Edmund the Younger comes into view.
He is wielding a +1 flail of protection.
Edmund shouts!
The orc priest shouts!
Found a stone staircase leading up.
Edmund says, "People think my brother is the best.
I think he's crazy."
Edmund hits you but does no damage.
You hit Edmund. Your grab misses Edmund. You squeeze Edmund, but do no damage.
Edmund is lightly wounded.
Edmund completely misses you. The orc hits you with a +0 short sword.
The orc misses you.
You hit Edmund but do no damage.
Edmund is poisoned.
You grab Edmund.
Edmund is lightly wounded.
You constrict Edmund. The orc hits you with a +0 short sword.
The orc barely misses you. Edmund completely misses you.
You hit Edmund but do no damage.
Edmund looks as sick as possible!
Edmund is lightly wounded.
You constrict Edmund. The orc priest misses you.
Edmund hits you with a +1 flail of protection!
The orc hits you with a +0 short sword. The orc misses you.
You hit Edmund.
Edmund looks as sick as possible!
You squeeze Edmund.
Edmund is moderately wounded.
You constrict Edmund, but do no damage. The orc priest barely misses you.
Edmund barely misses you. The orc misses you. x2
You hit Edmund.
Edmund looks as sick as possible!
Edmund is heavily wounded.
You constrict Edmund.
The orc priest hits you with a +0 hand axe.
* * * LOW HITPOINT WARNING * * *
Edmund completely misses you. The orc closely misses you. x2
You hit Edmund.
Edmund looks as sick as possible!
Edmund is severely wounded.
You constrict Edmund, but do no damage.
The orc priest casts a cantrip, but nothing happens.
Edmund hits you with a +1 flail of protection!
You die...

.#..#...##
....#...<##
#..#.....# .
#....#...###
..#.[..#.#...#
.........#...# .
#.....oo.#...#..>
#.....@h.........
...#.#o....#.##..
#..#<.#
##.........#
###....#...
#.#..# . .......
.......#
##.......


You could see Edmund (extremely poisoned), an orc priest and 2 orcs.

Vanquished Creatures
  An adder (D:2)
  A dart slug (D:3)
  An endoplasm (D:1)
  2 giant cockroaches
  A goblin (D:2)
  3 hobgoblins
  2 jackals (D:2)
  A quokka (D:2)
  A ball python (D:2)
  A bat (D:1)
  2 frilled lizards (D:2)
  3 rats (D:2)
19 creatures vanquished.

Notes
Turn   | Place    | Note
-------+----------+-------------------------------------------
     0 | D:1      | shadowstone the Octopode Shapeshifter began the quest for
                  | the Orb.
     0 | D:1      | Reached XP level 1. HP: 13/13 MP: 1/1
   217 | D:2      | Reached XP level 2. HP: 18/18 MP: 2/2
   273 | D:2      | Found Qyri's Book Emporium.
   478 | D:2      | Reached XP level 3. HP: 23/23 MP: 3/3
   562 | D:2      | Found Vuurphes's Armour Shop.
   724 | D:4      | Noticed Edmund
   733 | D:4      | Slain by Edmund

Illustrated notes

Levels and vault maps discovered:
D:1:      dpeg_arrival_windows_large_door, layout_loops_ring
D:2:      layout_loops_ring, serial_shops, shop_statue, shop,
          nicolae_book_shop_shelving, serial_glass, glass_columns_c,
          glass_columns_b, hangedman_decor_lopped,
          hangedman_abyss_or_decor_stabs, minmay_hexomino_p4
D:3:      layout_basic, old_standard_altar, serial_shops, shop, serial_rivers,
          chequers_serial_rivers_small_a, chequers_serial_rivers_micro_e,
          chequers_serial_rivers_room_b, chequers_serial_rivers_large_a,
          chequers_serial_rivers_room_a
D:4:      layout_cave_pools, mainiacjoe_overflow_surrounded_room,
          nicolae_shop_vocational, uniq_sigmund, uniq_edmund

Action                     || total
---------------------------++-------
  Melee: Unarmed           ||    14
         Constrict         ||    13
         Tentacles         ||     7
         Spear             ||    19
   Stab: Sleeping          ||     4
 Armour: Skin              ||     2
  Dodge: Dodged            ||    36
         Form:             ||     1
         Beast             ||     1

Table legend: (Time is in decaauts)
 A = Elapsed time spent in this place.
 B = Non-inter-level travel time spent in this place.
 C = Inter-level travel time spent in this place.
 D = Time resting spent in this place.
 E = Time spent auto-exploring this place.
 F = Levels seen in this place.
 G = Mean time per level.
                   A        B        C        D        E       F      G
               +--------+--------+--------+--------+--------+-----+--------+
         Total |    732 |    724 |      8 |      3 |    169 |   4 |  183.0 |
       Dungeon |    732 |    724 |      8 |      3 |    169 |   4 |  183.0 |
               +--------+--------+--------+--------+--------+-----+--------+

Top non-repeatable levels by time:
     D:2: 447 daAuts
     D:1: 207 daAuts
     D:3: 66 daAuts
     D:4: 10 daAuts
